AoeStats
← VIT Liereyy

Arabian Desert

509318342Analyzed
1v1 RM · 5d ago on Sep 26, 2026· 43m 1s· 2 players
Game mode
Random Map
Map size
Tiny (2 player)
Population
200
Speed
Normal
Resources
Standard
Victory
Conquest
Starting age
Dark Age
Ending age
Imperial Age
RankedLock teamsTeams togetherTeam positionsShared explorationLock speedFull tech treeHidden civsTurbo modeCheats
Victory
Defeat
🇦🇹 Slavs · Austria
2974
+1
🇷🇴 Jurchens · Romania
2449
-1
Andre_2i
6:12 Loom
8:53 Feudal Age
9:57 Double-Bit Axe
15:13 Padded Archer Armor
21:37 Castle Age
19:24 Horse Collar
19:56 Fletching
22:15 Bodkin Arrow
21:41 Elite Skirmisher
22:56 Leather Archer Armor
24:56 Wheelbarrow
25:27 Town Watch
29:27 Gold Mining
30:56 Hand Cart
31:46 Ballistics
32:22 Bloodlines
32:13 Husbandry
VIT Liereyy
6:28 Loom
8:49 Feudal Age
8:52 Man-at-Arms
16:13 Fletching
18:26 Double-Bit Axe
20:43 Castle Age
18:52 Double-Bit Axe
21:06 Padded Archer Armor
20:46 Crossbowman
21:40 Bow Saw
21:28 Bodkin Arrow
22:46 Horse Collar
25:23 Padded Archer Armor
27:14 Horse Collar
29:40 Scale Barding Armor
32:36 Bloodlines
32:54 Husbandry
34:54 Chain Barding Armor
35:37 Wheelbarrow
34:39 Elite Skirmisher
35:34 Forging
36:38 Hand Cart
36:27 Heavy Plow
37:03 Leather Archer Armor
37:20 Light Cavalry
39:37 Ballistics
42:56 Imperial Age
41:03 Iron Casting
42:59 Hussar
44:15 Plate Barding Armor
Connection lost

Rejoining the realm…

Still unreachable

The connection could not be restored.

Session expired

The server has moved on; the page needs a fresh start.